 Dungeon Crawl Stone Soup version 0.20.1-1-g8b1a95d (webtiles) character file.

16 Iscandelvey the Conjurer (level 2, 0/15 HPs)
             Began as a Tengu Conjurer on Dec 10, 2017.
             Slain by a goblin (3 damage)
             ... on level 2 of the Dungeon.
             The game lasted 00:06:58 (686 turns).

Iscandelvey the Conjurer (Tengu Conjurer)            Turns: 686, Time: 00:06:58

Health: 0/15       AC:  2    Str:  8    XL:     2   Next: 54%
Magic:  6/6        EV: 14    Int: 15    God:
Gold:   21         SH:  0    Dex: 14    Spells: 4/5 levels left

rFire    . . .     SeeInvis .   (no weapon)
rCold    . . .     Gourm    .   (no shield)
rNeg     . . .     Faith    .   k - +0 robe (curse)
rPois    .         Spirit   .   (helmet restricted)
rElec    .         Reflect  .   (no cloak)
rCorr    .         Harm     .   (no gloves)
MR       .....                  (boots unavailable)
Stlth    ++........             (no amulet)
Regen    0.1/turn               g - +1 ring of evasion
MPRegen  0.1/turn               (no ring)

@: no status effects
A: beak, talons 3
a: no special abilities


You were on level 2 of the Dungeon.
You were not hungry.

You visited 1 branch of the dungeon, and saw 2 of its levels.

You collected 21 gold pieces.

Inventory:

Hand Weapons
 h - a cursed -1 dagger
Armour
 a - a +0 robe
 i - a +0 plate armour
 k - a cursed +0 robe (worn)
Jewellery
 g - a +1 ring of evasion (left hand)
 r - an uncursed ring of fire {unknown}
Scrolls
 d - 2 scrolls of identify {unknown}
 j - 2 scrolls of remove curse {unknown}
 n - a scroll of fear {unknown}
 p - a scroll of immolation {unknown}
 q - a scroll of noise {unknown}
Potions
 e - a potion of might {unknown}
 m - a potion of curing {unknown}
 o - a potion of ambrosia {unknown}
Books
 b - a book of Conjurations

   Spells                             Type                      Level
   a - Magic Dart                     Conjuration                  1
   b - Searing Ray                    Conjuration                  2
   c - Dazzling Spray                 Conjuration/Hexes            3
   d - Fulminant Prism                Conjuration/Hexes            4
   e - Force Lance                    Conjuration/Translocation    4
   f - Iskenderun's Mystic Blast      Conjuration                  4
Comestibles
 c - 3 bread rations
 f - a chunk of flesh
 l - a meat ration


   Skills:
 + Level 2.5 Dodging
 + Level 2.0 Stealth
 + Level 2.1 Spellcasting
 + Level 5.8 Conjurations


You had 4 spell levels left.
You knew the following spells:

 Your Spells              Type           Power        Failure   Level  Hunger
a - Magic Dart            Conj           ###.         1%          1    #......


Dungeon Overview and Level Annotations

Branches:
Dungeon (2/15)

Altars:


Innate Abilities, Weirdness & Mutations

You have a beak for a mouth.
You have claws for feet.


Message History

You miss the goblin.
The goblin is moderately wounded.
The goblin barely misses you.
You hit the goblin but do no damage. You claw the goblin.
The goblin is heavily wounded.
The goblin hits you with a dagger.
You barely miss the goblin. Your kick misses the goblin.
The goblin is moderately wounded.
The goblin barely misses you. The goblin hits you.
You hit the goblin but do no damage.
The goblin is moderately wounded.
The goblin barely misses you. The goblin hits you but does no damage.
You closely miss the goblin.
The goblin is moderately wounded.
The goblin hits you but does no damage. The goblin hits you.
* * * LOW HITPOINT WARNING * * *
You hit the goblin but do no damage. You claw the goblin.
The goblin is heavily wounded.
The goblin barely misses you. The goblin hits you.
You die...

.... ... #.# #..#####
.... #..#.# #.###...
....# #.#.# #.##.... ...
#...####.#.....
#.#####............
####.....?..##..#.....
#..........###.###....
[##..g............#...
#..@g.....##..#)....
..............##........
#####.........###.......
#(..................
#.........##....##..
..........##.... ..#
##.........##.......$
#...................
......#.##


You could see 2 goblins.

Vanquished Creatures
  A leopard gecko (D:2)
  A goblin (D:1)
  2 hobgoblins (D:1)
  A ball python (D:1)
  4 bats
  2 frilled lizards
  2 kobolds (D:1)
  A rat (D:1)
14 creatures vanquished.

Notes
Turn   | Place    | Note
-------+----------+-------------------------------------------
     0 | D:1      | Iscandelvey the Tengu Conjurer began the quest for the Orb.
     0 | D:1      | Reached XP level 1. HP: 10/10 MP: 4/4
   320 | D:1      | Reached XP level 2. HP: 14/15 MP: 1/6
   686 | D:2      | Slain by a goblin

Action                   || total
-------------------------++-------
Melee: Unarmed           ||    20
       Peck              ||     4
       Kick              ||     4
 Cast: Magic Dart        ||    17
Armor: Robe              ||    12
Dodge: Dodged            ||    25
